 Dungeon Crawl Stone Soup version 0.20.1-1-g8b1a95d (webtiles) character file.

159784 vatarom the Destroyer (level 17, -25/127 HPs)
             Began as a Demonspawn Earth Elementalist on Oct 5, 2017.
             Was a High Priest of Vehumet.
             Killed from afar by Bai Suzhen (38 damage)
             ... with a torrent of water
             ... on level 3 of the Snake Pit on Oct 6, 2017.
             The game lasted 02:05:40 (46795 turns).

vatarom the Destroyer (DsEE)                       Turns: 46795, Time: 02:05:41

Health: -25/127    AC: 14    Str: 11    XL:     17   Next: 16%
Magic:  14/41      EV: 17    Int: 31    God:    Vehumet [*****.]
Gold:   770        SH: 15    Dex: 23    Spells: 4/39 levels left

rFire    + . .     SeeInvis +   S - +6 long sword "Fistocs" {drain, rF+ Int+5}
rCold    + + .     Gourm    .   q - +0 buckler of Insurance {rPois Int+4 Dex+4 SInv} (curse)
rNeg     . . .     Faith    .   y - +1 ring mail {rC+}
rPois    +         Spirit   .   h - +0 helmet
rElec    .         Reflect  +   P - +2 cloak
rCorr    .         Harm     .   O - +1 pair of gloves
MR       +....                  (boots unavailable)
Stlth    ++++++....             d - brooch of Shielding {Reflect SH+8}
Regen    0.4/turn               a - ring of wizardry
MPRegen  0.3/turn               r - ring of magical power

@: about to teleport
A: talons 3, thin skeletal structure 2, agile 1, cold resistance 1, nightstalker
3, spiny 2
a: Renounce Religion


You were on level 3 of the Snake Pit.
You worshipped Vehumet.
Vehumet was extremely pleased with you.
You were not hungry.

You visited 5 branches of the dungeon, and saw 28 of its levels.
You visited 1 bazaar.
You also visited: Ossuary.

You collected 2708 gold pieces.
You spent 1938 gold pieces at shops.

Inventory:

Hand Weapons
 m - a +3 hunting sling of venom
 C - a +1 dagger of venom
 S - the +6 long sword "Fistocs" (weapon) {drain, rF+ Int+5}
   (You found it on level 1 of the Lair of Beasts)

   A truly terrible weapon, it drains the life of those it strikes.
   It affects your intelligence (+5).
   It protects you from fire.
Missiles
 g - 295 stones (quivered)
 G - 3 throwing nets
Armour
 h - a +0 helmet (worn)
 q - the cursed +0 buckler of Insurance (worn) {rPois Int+4 Dex+4 SInv}
   (You found it on level 3 of the Snake Pit)

   It affects your intelligence (+4).
   It affects your dexterity (+4).
   It protects you from poison.
   It lets you see invisible.
   It has a curse placed upon it.
 y - a +1 ring mail of cold resistance (worn)
 O - a +1 pair of gloves (worn)
 P - a +2 cloak (worn)
Jewellery
 a - a ring of wizardry (left hand)
 d - the brooch of Shielding (around neck) {Reflect SH+8}
   (You bought it in a shop in a bazaar)

   [amulet of reflection]

   It shields you and reflects attacks.
   It affects your SH (+8).
 i - a +2 amulet of reflection
 r - a ring of magical power (right hand)
 U - an uncursed ring of poison resistance
 X - an uncursed amulet of the gourmand
Wands
 e - a wand of confusion (8/48)
 f - a wand of acid (7/15)
 k - a wand of polymorph (9/24)
 o - a wand of iceblast (9/15)
 E - a wand of clouds (2/9)
 I - a wand of enslavement (18/24)
 J - a wand of lightning (1/15)
 V - a wand of digging (15/24)
Scrolls
 c - 2 scrolls of recharging
 j - 8 scrolls of enchant weapon
 l - 14 scrolls of remove curse
 n - a scroll of identify
 s - 3 scrolls of fear
 t - a scroll of fog
 N - 4 scrolls of teleportation
 Q - a scroll of silence
Potions
 b - 2 potions of invisibility
 p - a potion of berserk rage
 v - a potion of mutation
 w - a potion of resistance
 x - 3 potions of brilliance
 z - a potion of magic {unknown}
 A - 2 potions of might
 B - 6 potions of curing
 H - a potion of haste
 K - 3 potions of cancellation
 W - 3 potions of flight
Books
 F - a book of Party Tricks

   Spells                             Type                      Level
   a - Summon Butterflies             Summoning                    1
   b - Apportation                    Translocation                1
   c - Lesser Beckoning               Translocation                3
   d - Tukima's Dance                 Hexes                        3
   e - Alistair's Intoxication        Transmutation/Poison         5
   f - Invisibility                   Hexes                        6
Comestibles
 u - 24 fruits
 M - 4 meat rations


   Skills:
 - Level 9.9 Fighting
 - Level 4.8(6.3) Short Blades
 + Level 6.2(7.0) Long Blades
 - Level 7.2 Armour
 - Level 9.1 Dodging
 - Level 1.7 Stealth
 - Level 6.0 Shields
 + Level 11.6 Spellcasting
 + Level 13.3 Conjurations
 - Level 6.5 Transmutations
 * Level 13.3 Earth Magic
 * Level 8.3 Evocations


You had 4 spell levels left.
You knew the following spells:

 Your Spells              Type           Power        Failure   Level  Hunger
a - Sandblast             Erth           ######       1%          1    None
b - Freezing Cloud        Conj/Ice/Air   #####.....   16%         6    ####...
c - Stone Arrow           Conj/Erth      ######       1%          3    None
d - Petrify               Tmut/Erth      ######..     1%          4    None
e - Lee's Rapid Deconstr  Erth           #######...   1%          5    ##.....
f - Iskenderun's Battles  Conj/Chrm      ######..     1%          5    ##.....
g - Yara's Violent Unrav  Hex/Tmut       #####.....   4%          5    ##.....
h - Iron Shot             Conj/Erth      #######...   1%          6    ####...


Dungeon Overview and Level Annotations

Branches:
Dungeon (15/15) Temple (1/1) D:5 Lair (6/6) D:11 Shoals (0/4) Lair:2 Snake (4/4) Lair:3 Orc (2/2) D:12 Elf (0/3) Orc:2 Vaults (0/5) D:12 D:13 Depths (0/5) D:15 Slime: Lair:5-6

Altars:
Ashenzari
Cheibriados
Dithmenos
Elyvilon
Fedhas
Gozag
Hepliaklqana
Kikubaaqudgha
Makhleb
Nemelex Xobeh
Okawaru
Qazlal
Ru
Sif Muna
Trog
Uskayaw
Vehumet
Xom
Yredelemnul
Zin
The Shining One

Shops:
D:8 ![%=(   D:11 (   D:12 (   Orc:1 ?   Orc:2 [%*(

Annotations:
Lair:4 exclusion: 2 oklob plants
Lair:5 exclusion: oklob plant
Snake:3 Bai Suzhen
Snake:4 Louise


Innate Abilities, Weirdness & Mutations

You have claws for feet.
You have a moderately thin skeletal structure. (Dex +4, Stealth+)
You are completely attuned to the shadows.
You are mostly covered in sharp spines.
You are agile. (Dex +2)
Your flesh is cold resistant. (rC+)


Message History

* * * LOW HITPOINT WARNING * * *
The 12-headed hydra barely misses you. The 12-headed hydra closely misses you.
The 12-headed hydra bites you but does no damage.
The 12-headed hydra closely misses you. The 12-headed hydra bites you!
* * * LOW HITPOINT WARNING * * *
The 12-headed hydra closely misses you. x2
The eight-headed hydra barely misses you.
The eight-headed hydra bites you!
* * * LOW HITPOINT WARNING * * *
The eight-headed hydra closely misses you.
The eight-headed hydra bites you.
* * * LOW HITPOINT WARNING * * *
The eight-headed hydra closely misses you.
The eight-headed hydra completely misses you. x2
The eight-headed hydra misses you.
Unknown command.
The six-headed hydra disappears in a puff of smoke!
Bai Suzhen breathes water at you. The torrent of water hits you!
You die...

......## ##.#....##.....##...###.
...##..###..####....###.###.## ##
..####..#...## ##..## #.....# #
.## #.......####.## ##.....#####
.## ##........##.## #..###......
..###..#..##.>...#####.####.....#
#..#.)....#...##......## #.....##
#............###.*....####.....##
.....####...####@.###..##..#..##.
..#...# ##..###§§.........###..#.
..##..# ##..D§D..##......###....
..###.## #...D§§.####.....##..#.
.## ##.# ##<.#)...####..#.....##.
.# #.###...§.##...##.......)###
.######...####.####........##..##
.........## #.# ##.......###..#
...####.## #.# ###.......# ##..


You could see Bai Suzhen, a 12-headed hydra, an eight-headed hydra and a
friendly battlesphere.

Vanquished Creatures
  Rupert (D:15)
  7 nagarajas
  2 ettins
  Josephine (D:12)
  11 naga warriors
  Fannar (Orc:1)
  Harold (Lair:4)
  8 hydras
  7 anacondas
  6 centaur warriors
  11 two-headed ogres
  2 tengu warriors (D:15)
  The ghost of vineage the Basher, a journeyman GrFi of Okawaru (D:11)
  3 orc high priests (Orc:2)
  A queen ant (D:10)
  8 shock serpents
  Urug (D:11)
  5 naga sharpshooters
  3 skeletal warriors (D:15)
  A salamander mystic (Snake:3)
  2 sea snakes (Snake:2)
  4 naga ritualists
  A deep troll (D:15)
  5 orc knights
  12 mana vipers
  5 orc sorcerers
  9 ugly things
  A wolf spider (D:15)
  2 deep elf magi
  A wolf spider zombie (D:15)
  3 cyclopes
  2 manticores
  6 guardian serpents
  10 salamanders
  Joseph (D:9)
  9 elephants
  16 naga magi
  32 black mambas
  18 spiny frogs
  A gargoyle (D:15)
  6 rime drakes
  6 komodo dragons
  A komodo dragon (shapeshifter) (D:13)
  A freezing wraith (D:15)
  2 tyrant leeches (Lair:6)
  2 tengu conjurers (D:15)
  5 trolls
  2 hornets
  26 blink frogs
  A meliai zombie (D:13)
  6 dream sheep (Lair:6)
  9 hippogriffs
  6 slime creatures
  A shadow (D:15)
  25 yaks
  2 wyverns
  16 humans (D:12)
  5 wraiths (D:12)
  2 basilisks
  3 hungry ghosts (D:12)
  6 vampire mosquitoes
  A warg (Orc:1)
  65 nagas
  12 water moccasins
  18 soldier ants
  7 porcupines
  24 orc warriors
  2 ice beasts
  4 eyes of draining
  5 sky beasts
  3 black bears
  3 phantoms
  10 wolves
  5 necrophages (D:9)
  14 ogres
  19 centaurs
  10 crocodiles
  27 bullfrogs
  3 big kobolds
  A wyvern skeleton (D:9)
  A water moccasin skeleton (D:8)
  2 scorpions
  A troll zombie (D:12)
  17 killer bees
  6 electric eels
  13 wights
  3 howler monkeys
  A centaur zombie (D:8)
  10 crimson imps
  12 hounds
  3 bullfrog zombies
  A quasit (D:11)
  15 orc priests
  5 jellies
  3 bullfrog skeletons
  6 centaur skeletons
  34 orc wizards
  3 iguanas
  30 worker ants
  9 big kobold zombies (Ossuary)
  5 ogre zombies (D:12)
  2 mummies
  3 worker ant zombies
  6 gnolls
  19 adders
  3 shadow imps
  An adder zombie (D:7)
  2 adder skeletons
  2 worms
  3 dart slugs
  6 leopard geckos
  98 orcs
  4 ball pythons
  5 giant cockroaches
  2 gnoll zombies (Ossuary)
  9 goblins
  5 hobgoblins
  10 jackals
  2 quokkas
  3 bats
  4 bat simulacra (Ossuary)
  5 frilled lizards
  2 goblin simulacra (Ossuary)
  5 goblin zombies
  6 hobgoblin zombies
  A jackal zombie (D:9)
  24 kobolds
  5 kobold simulacra (Ossuary)
  4 kobold zombies (Ossuary)
  A leopard gecko zombie (D:7)
  An orc skeleton (D:12)
  20 orc zombies
  8 rats
  5 rat simulacra (Ossuary)
  7 spectral goblins (Ossuary)
  2 spectral kobolds (Ossuary)
  3 spectral rats (Ossuary)
  3 fungi
  A plant (D:9)
1059 creatures vanquished.

Vanquished Creatures (collateral kills)
  A naga warrior (Snake:1)
1 creature vanquished.

Vanquished Creatures (others)
  Donald (Snake:4)
  A gnoll zombie (Ossuary)
  A hobgoblin zombie (Ossuary)
  2 bushes (D:9)
  14 fungi (Lair:6)
  47 plants
66 creatures vanquished.

Grand Total: 1126 creatures vanquished

Notes
Turn   | Place    | Note
-------+----------+-------------------------------------------
     0 | D:1      | vatarom the Demonspawn Earth Elementalist began the quest for the Orb.
     0 | D:1      | Reached XP level 1. HP: 13/13 MP: 3/3
   490 | D:1      | Gained mutation: You have sharp toenails. [demonic ancestry]
   490 | D:1      | Reached XP level 2. HP: 20/20 MP: 3/5
   752 | D:1      | Reached skill level 1 in Fighting
   847 | D:1      | Learned a level 2 spell: Passwall
  1114 | D:2      | Reached XP level 3. HP: 25/26 MP: 2/6
  1297 | D:2      | Found a shadowy altar of Dithmenos.
  1474 | D:2      | Found a faded altar of an unknown god.
  1629 | D:2      | Learned a level 3 spell: Stone Arrow
  1643 | D:2      | Gained mutation: You have a somewhat thin skeletal structure. (Dex +2, Stealth) [demonic ancestry]
  1643 | D:2      | Reached XP level 4. HP: 32/32 MP: 4/8
  2643 | D:3      | Reached XP level 5. HP: 38/38 MP: 4/9
  3262 | D:4      | Learned a level 4 spell: Petrify
  3361 | D:4      | Found a stormy altar of Qazlal.
  3459 | D:4      | Reached XP level 6. HP: 46/46 MP: 8/10
  3475 | D:4      | Reached skill level 5 in Earth Magic
  3940 | D:4      | Reached skill level 1 in Conjurations
  3940 | D:4      | Gained mutation: You are slightly more attuned to the shadows. [demonic ancestry]
  3940 | D:4      | Reached XP level 7. HP: 52/52 MP: 5/12
  4170 | D:5      | Entered Level 5 of the Dungeon
  4526 | D:5      | Found a sand-covered staircase.
  4531 | D:5      | Reached XP level 8. HP: 46/60 MP: 14/14
  4534 | Ossuary  | Entered an ossuary
  4695 | Ossuary  | Learned a level 5 spell: Lee's Rapid Deconstruction
  6492 | D:5      | Found a staircase to the Ecumenical Temple.
  6593 | Temple   | Entered the Ecumenical Temple
  6778 | Temple   | Became a worshipper of Vehumet
  7234 | D:6      | Reached skill level 5 in Fighting
  7234 | D:6      | Reached skill level 5 in Conjurations
  7242 | D:6      | Reached skill level 5 in Spellcasting
  7851 | D:6      | Reached * piety under Vehumet
  7851 | D:6      | Offered knowledge of Shock by Vehumet.
  7851 | D:6      | Gained mutation: You are partially covered in sharp spines. [demonic ancestry]
  7851 | D:6      | Reached XP level 9. HP: 60/68 MP: 16/16
  9464 | D:7      | Found an ancient bone altar of Kikubaaqudgha.
  9752 | D:7      | Found a hide-covered altar of Uskayaw.
  9759 | D:7      | Found a shattered altar of Ashenzari.
 10077 | D:8      | Found Sesaira's Jewellery Shop.
 10081 | D:8      | Bought an uncursed ring of wizardry for 300 gold pieces
 10142 | D:8      | Noticed a two-headed ogre
 10160 | D:8      | Killed a two-headed ogre
 10474 | D:8      | Gained mutation: You are mostly covered in sharp spines. [demonic ancestry]
 10474 | D:8      | Reached XP level 10. HP: 29/77 MP: 6/19
 10533 | D:8      | Reached ** piety under Vehumet
 10565 | D:8      | Noticed a two-headed ogre
 10778 | D:8      | Offered knowledge of Flame Tongue by Vehumet.
 11338 | D:8      | Killed a two-headed ogre
 11758 | D:8      | Found Naisime's Antique Weapon Shoppe.
 11848 | D:8      | Found Edwusof's Food Emporium.
 11859 | D:8      | Learned a level 5 spell: Alistair's Intoxication
 12440 | D:8      | Found Estroliogg's Distillery.
 12442 | D:8      | Found Lutinle's Armour Shoppe.
 12666 | D:9      | Offered knowledge of Throw Frost by Vehumet.
 12899 | D:9      | Reached *** piety under Vehumet
 13283 | D:9      | Noticed Joseph
 13316 | D:9      | Killed Joseph
 13339 | D:9      | Offered knowledge of Sticky Flame by Vehumet.
 13652 | D:9      | Found a blossoming altar of Fedhas.
 13717 | D:9      | Noticed a two-headed ogre
 13724 | D:9      | Killed a two-headed ogre
 13724 | D:9      | Gained mutation: You have a moderately thin skeletal structure. (Dex +4, Stealth+) [demonic ancestry]
 13724 | D:9      | Reached XP level 11. HP: 86/86 MP: 12/22
 14469 | D:9      | Reached skill level 1 in Transmutations
 14740 | D:9      | Noticed a fire dragon
 15084 | D:10     | Entered Level 10 of the Dungeon
 15112 | D:10     | Noticed a two-headed ogre
 15123 | D:10     | Killed a two-headed ogre
 15533 | D:10     | Reached **** piety under Vehumet
 15653 | D:10     | Identified a scroll of acquirement
 15796 | D:10     | Offered knowledge of Yara's Violent Unravelling by Vehumet.
 15803 | D:10     | Learned a level 5 spell: Yara's Violent Unravelling
 16222 | D:10     | Reached skill level 1 in Shields
 16225 | D:10     | Noticed a queen ant
 17370 | D:10     | Killed a queen ant
 18253 | D:11     | Found a staircase to the Lair.
 18305 | D:11     | Reached skill level 10 in Earth Magic
 18486 | D:11     | Noticed Urug
 18486 | D:11     | Noticed vineage's ghost (journeyman GrFi)
 18498 | D:11     | Found Toru Xee's Antique Weapon Shop.
 18658 | D:11     | Got a warped war axe
 18742 | D:11     | Noticed a two-headed ogre
 18742 | D:11     | Identified the +5 war axe "Poniuxt" {pain, +Inv rElec Str-4} (You found it on level 11 of the Dungeon)
 18775 | D:11     | Killed vineage's ghost
 18778 | D:11     | Killed a two-headed ogre
 18778 | D:11     | Gained mutation: You are significantly more attuned to the shadows. [demonic ancestry]
 18778 | D:11     | Reached XP level 12. HP: 95/95 MP: 9/24
 18810 | D:11     | Killed Urug
 18810 | D:11     | Reached skill level 5 in Transmutations
 19051 | D:12     | Noticed a four-headed hydra
 19071 | D:12     | Killed a four-headed hydra
 19149 | Lair:1   | Entered Level 1 of the Lair of Beasts
 19328 | Lair:1   | Got a smoking large shield
 19329 | Lair:1   | Identified the +4 large shield of Veogaynt {rElec Dex+7 Slay-4} (You found it on level 1 of the Lair of Beasts)
 19459 | Lair:1   | Got a steaming long sword
 19460 | Lair:1   | Identified the +6 long sword "Fistocs" {drain, rF+ Int+5} (You found it on level 1 of the Lair of Beasts)
 19517 | Lair:1   | Noticed an eight-headed hydra
 19529 | Lair:1   | Killed a nine-headed hydra
 20282 | Lair:2   | Found a staircase to the Shoals.
 20292 | Lair:2   | Reached ***** piety under Vehumet
 20681 | Lair:2   | Offered knowledge of Iskenderun's Battlesphere by Vehumet.
 20681 | Lair:2   | Reached skill level 5 in Shields
 21428 | Lair:3   | Learned a level 5 spell: Iskenderun's Battlesphere
 21502 | Lair:3   | Noticed an eight-headed hydra
 21505 | Lair:3   | Killed an eight-headed hydra
 21721 | Lair:3   | Reached skill level 1 in Short Blades
 21775 | Lair:3   | Learned a level 4 spell: Petrify
 22081 | Lair:3   | Found a staircase to the Snake Pit.
 22544 | Lair:4   | Paralysed by a hornet for 1 turns
 22598 | Lair:3   | Gained mutation: You have razor-sharp toenails. [demonic ancestry]
 22598 | Lair:3   | Reached XP level 13. HP: 51/103 MP: 9/26
 23197 | Lair:4   | Noticed Harold
 23204 | Lair:4   | Killed Harold
 23204 | Lair:4   | Reached skill level 1 in Armour
 25521 | Lair:6   | Entered Level 6 of the Lair of Beasts
 25538 | Lair:6   | Reached skill level 10 in Conjurations
 26570 | Lair:6   | Identified the Volume of Enchanting Poison
 26875 | Lair:6   | Got a distressingly furry scale mail
 26876 | Lair:6   | Identified the cursed +1 scale mail of Calculation {rF+ MR+} (You found it on level 6 of the Lair of Beasts)
 27152 | Lair:6   | Gained mutation: You are completely attuned to the shadows. [demonic ancestry]
 27152 | Lair:6   | Reached XP level 14. HP: 108/109 MP: 27/27
 27161 | Lair:6   | Reached skill level 5 in Dodging
 27273 | Lair:6   | Offered knowledge of Iron Shot by Vehumet.
 27585 | Lair:6   | Learned a level 6 spell: Iron Shot
 28079 | D:12     | Noticed Josephine
 28085 | D:12     | Killed Josephine
 28090 | D:12     | Reached skill level 5 in Armour
 28317 | D:12     | Found a staircase to the Orcish Mines.
 28496 | D:12     | Reached skill level 10 in Spellcasting
 28627 | D:12     | Found Asicimas's Antique Weapon Shoppe.
 29039 | D:13     | Found a gate to the Vaults.
 29051 | D:12     | Offered knowledge of Bolt of Magma by Vehumet.
 29122 | D:12     | Reached skill level 1 in Long Blades
 29370 | D:13     | Identified Nagiup's Early Guide to the Arcane Arts
 31351 | D:14     | Gained mutation: Your flesh is cold resistant. (rC+) [potion of mutation]
 31351 | D:14     | Gained mutation: You are agile. (Dex +2) [potion of mutation]
 31685 | D:14     | Found a glowing golden altar of the Shining One.
 32123 | D:15     | Entered Level 15 of the Dungeon
 32873 | D:15     | Found a staircase to the Depths.
 32886 | D:15     | Reached XP level 15. HP: 115/115 MP: 21/29
 32973 | D:15     | Reached ****** piety under Vehumet
 33260 | D:15     | Offered knowledge of Freezing Cloud by Vehumet.
 33312 | D:15     | Noticed Rupert
 33355 | D:15     | Killed Rupert
 34229 | Orc:1    | Entered Level 1 of the Orcish Mines
 34499 | Orc:2    | Entered Level 2 of the Orcish Mines
 34681 | Orc:2    | Found a staircase to the Elven Halls.
 34720 | Orc:1    | Noticed Fannar
 34727 | Orc:1    | Killed Fannar
 35180 | Orc:1    | Found Duteut's Magic Scroll Shop.
 35513 | Orc:2    | Reached skill level 1 in Evocations
 35892 | Orc:2    | Found Jeingi's Antique Weapon Boutique.
 35892 | Orc:2    | Found Gehuon's Jewellery Emporium.
 35901 | Orc:2    | Found Wiziti's Food Boutique.
 35901 | Orc:2    | Found Hozusihe's Assorted Antiques.
 35909 | Orc:2    | Bought a scroll labeled WUMIPT TASIP for 31 gold pieces
 35909 | Orc:2    | Bought a glowing cloak for 232 gold pieces
 35909 | Orc:2    | Bought a scroll labeled JUXOIL FYILAST for 31 gold pieces
 36010 | Orc:2    | Found Wanoaz's Antique Armour Boutique.
 36016 | Orc:2    | Bought a shiny ring mail for 175 gold pieces
 36587 | Snake:1  | Entered Level 1 of the Snake Pit
 36668 | Lair:3   | Learned a level 6 spell: Freezing Cloud
 36673 | Lair:3   | Offered knowledge of Bolt of Cold by Vehumet.
 37135 | Snake:1  | Noticed a nagaraja
 37138 | Snake:1  | Killed a nagaraja
 38941 | Snake:1  | Gained mutation: You have claws for feet. [demonic ancestry]
 38941 | Snake:1  | Reached XP level 16. HP: 108/122 MP: 15/30
 40216 | Snake:2  | Found a flickering gateway to a bazaar.
 40223 | Snake:2  | Reached skill level 5 in Evocations
 40244 | Bazaar   | Entered a bazaar
 40249 | Bazaar   | Found Oriz's Weapon Boutique.
 40266 | Bazaar   | Found Beang's Jewellery Boutique.
 40271 | Bazaar   | Bought the brooch of Shielding {Reflect SH+8} for 1169 gold pieces
 40297 | Bazaar   | Found Todghaeny's Weapon Shop.
 40335 | Bazaar   | Found Kerhyut's Magic Scroll Boutique.
 40604 | Snake:2  | Reached skill level 5 in Long Blades
 42546 | Snake:3  | Got an ichor-stained buckler
 42557 | Snake:3  | Identified the cursed +0 buckler of Insurance {rPois Int+4 Dex+4 SInv} (You found it on level 3 of the Snake Pit)
 42833 | Snake:3  | Offered knowledge of Poison Arrow by Vehumet.
 43402 | Snake:4  | Entered Level 4 of the Snake Pit
 43514 | Snake:4  | Noticed Bai Suzhen
 44704 | Snake:4  | Noticed Louise
 44919 | Snake:4  | Noticed Donald
 44933 | Snake:4  | Killed Donald
 46187 | Snake:4  | Reached XP level 17. HP: 125/127 MP: 2/32
 46385 | Snake:4  | Offered knowledge of Ozocubu's Refrigeration by Vehumet.
 46795 | Snake:3  | Killed from afar by Bai Suzhen

Skill      XL: |  1  2  3  4  5  6  7  8  9 10 11 12 13 14 15 16 17 |
---------------+----------------------------------------------------+-----
Earth Magic    | 3 4 5 6 7 9 10 11 12 13 | 13.3
Fighting       | 1 2 3 4 5 6 7 9 |  9.9
Spellcasting   | 3 4 5 6 7 8 9 10 11 | 11.6
Conjurations   | 1 3 5 7 8 9 10 11 12 13 | 13.3
Transmutations | 4 6 |  6.5
Shields        | 3 6 |  6.0
Short Blades   | 1 4 |  4.8
Dodging        | 4 7 8 9 |  9.1
Armour         | 4 6 7 |  7.2
Long Blades    | 2 4 6 |  6.2
Evocations     | 4 7 8 |  8.3
Stealth        | |  1.7

Action                   |  1- 3 |  4- 6 |  7- 9 | 10-12 | 13-15 | 16-18 || total
-------------------------+-------+-------+-------+-------+-------+-------++-------
Melee: Dagger            |    37 |       |   253 |   208 |       |       ||   498
       Kick              |     6 |       |     2 |       |    84 |   100 ||   192
       Whip              |       |     8 |     5 |       |       |       ||    13
       War axe           |       |       |       |     2 |       |       ||     2
       Long sword        |       |       |       |    94 |   522 |   233 ||   849
 Fire: Hunting sling     |       |       |    15 |       |       |       ||    15
Throw: Stone             |       |       |       |     1 |       |       ||     1
 Cast: Sandblast         |    47 |    82 |   108 |   112 |   131 |    24 ||   504
       Passwall          |     5 |       |       |       |       |       ||     5
       Stone Arrow       |       |     6 |    23 |    75 |   184 |    41 ||   329
       Lee's Rapid Decon |       |       |    62 |   136 |    77 |    45 ||   320
       Petrify           |       |       |    24 |    83 |    29 |     8 ||   144
       Yara's Violent Un |       |       |       |    14 |     7 |     2 ||    23
       Iskenderun's Batt |       |       |       |     7 |    68 |    14 ||    89
       Alistair's Intoxi |       |       |       |     4 |       |       ||     4
       Iron Shot         |       |       |       |       |    98 |   103 ||   201
       Freezing Cloud    |       |       |       |       |     1 |     9 ||    10
Evoke: Wand              |       |       |       |     8 |     5 |     2 ||    15
  Use: Scroll            |     6 |     5 |     6 |    28 |    18 |     3 ||    66
       Potion            |       |     5 |     3 |     5 |     8 |     5 ||    26
 Stab: Sleeping          |     1 |       |     1 |     4 |    17 |     2 ||    25
       Petrified         |       |       |    32 |    95 |    16 |     6 ||   149
       Distracted        |       |       |       |     1 |     3 |     2 ||     6
       Confused          |       |       |       |     1 |       |       ||     1
       Petrifying        |       |       |       |     1 |       |       ||     1
       Paralysed         |       |       |       |     2 |       |       ||     2
  Eat: Chunk             |     3 |     8 |     9 |    22 |    98 |    13 ||   153
       Meat ration       |       |       |     5 |     4 |       |     2 ||    11
       Bread ration      |       |       |     4 |     6 |     1 |     4 ||    15
       Royal jelly       |       |       |       |     7 |     3 |     4 ||    14
       Fruit             |       |       |       |     1 |     1 |     8 ||    10
Armor: Robe              |    14 |     7 |    36 |    32 |       |       ||    89
       Skin              |       |     9 |       |       |       |     3 ||    12
       Leather armour    |       |       |       |    37 |    97 |       ||   134
       Troll leather arm |       |       |       |       |    85 |       ||    85
       Ring mail         |       |       |       |       |    24 |    62 ||    86
Dodge: Dodged            |    36 |    29 |   135 |   181 |   509 |   154 ||  1044
Block: Buckler           |       |       |       |    46 |   360 |   203 ||   609
       Reflection        |       |       |       |       |       |    33 ||    33
       Rpst.: Long sword |       |       |       |    14 |   130 |    32 ||   176
